Cogmind - Beta 17.1 @@@ ROGUE MODE // 2026.08.31 @ 11:28:01 Player: eph7ra Result: Destroyed by S-27 Virus with Autogun Performance ------------- Evolutions (5) 2500 Regions Visited (6) 1200 Robots Destroyed (36) 180 Value Destroyed (1047) 1047 Prototype IDs (4) 80 Alien Tech Used (0) 0 Bonus (0) 0 TOTAL SCORE: 5007 Bonus ------- None Cogmind --------- Core Integrity 0/1000 Matter 228/300 Energy 100/100 System Corruption 1% Temperature Cool (0) Movement Core (50) Location -5/Factory Parts ------- > --- POWER (2) -------- (None) > --- PROPULSION (3) --- (None) > --- UTILITY (9) ------ (None) > --- WEAPON (3) ------- (None) > --- INVENTORY (5) ---- Antigrav System Advanced Weight Redist. System Improved Sensor Array Improved Signal Interpreter Peak State ------------ > --- POWER ------------ Nuclear Core > --- PROPULSION ------- Gravmag System Gravmag System Gravmag System > --- UTILITY ---------- Improved Cooling System Medium Storage Unit Enhanced Optical Array Improved Sensor Array Improved Signal Interpreter Advanced ECM Suite Hacking Suite Hacking Suite > --- WEAPON ----------- Heavy Laser Improved Assault Rifle Improved Datajack > --- INVENTORY -------- Improved Deuterium Engine Light Fission Core Compact Wheel Gravmag System Xenon Bombardment Thruster Improved Sensor Array Improved Signal Interpreter Light Assault Rifle High-powered Shotgun Plasma Cutter [Rating: 54] Favorites ----------- Power Light Ion Engine Engine Light Ion Engine Power Core Light Nuclear Core Propulsion Gravmag System Treads Light Treads Leg Aluminum Leg Wheel Compact Wheel Hover Unit Gravmag System Flight Unit Flight Unit Utility Medium Storage Unit Device ECM Suite Storage Medium Storage Unit Processor Improved Signal Interpreter Hackware Hacking Suite Protection Reflective Plating Weapon Improved Assault Rifle Energy Gun Heavy Laser Energy Cannon Light EM Pulse Cannon Ballistic Gun Improved Assault Rifle Launcher Advanced EMP Blaster Special Weapon Remote Datajack Slashing Weapon Scythe Special Melee Weapon Improved Datajack Build | -11 -10 -9 -8 -7 -6 -5 ------- Run | Yrd Mat Mat Mat Fac Fac Fac Slots Evolved 10 | . . 2 2 2 2 2 Power 1 | . . . . . . 1 Propulsion 1 | . . 1 . . . . Utility 7 | . . 1 2 1 2 1 Weapon 1 | . . . . 1 . . Parts Attached 71 | 6 3 10 28 10 8 6 Power 11 | 1 . 2 4 1 2 1 Engine 7 | 1 . 2 3 . 1 . Core 4 | . . . 1 1 1 1 Reactor . | . . . . . . . Propulsion 22 | 2 . 2 12 3 2 1 Treads 5 | . . . 5 . . . Leg 6 | 2 . . 3 . . 1 Wheel 2 | . . 2 . . . . Hover 5 | . . . 1 3 1 . Flight 4 | . . . 3 . 1 . Utility 23 | 1 2 3 5 5 3 4 Device 10 | . 1 2 3 4 . . Storage 2 | 1 1 . . . . . Processor 4 | . . 1 1 . 2 . Hackware 2 | . . . . 1 1 . Protection 5 | . . . 1 . . 4 Artifact . | . . . . . . . Weapon 15 | 2 1 3 7 1 1 . Energy Gun 5 | 2 . 2 1 . . . Energy Cannon 1 | . . 1 . . . . Ballistic Gun 5 | . 1 . 4 . . . Ballistic Cannon . | . . . . . . . Launcher 1 | . . . 1 . . . Special Weapon 1 | . . . . . 1 . Impact Weapon . | . . . . . . . Slashing Weapon 1 | . . . 1 . . . Piercing Weapon . | . . . . . . . Special Melee Weapon 1 | . . . . 1 . . Unidentified Prototypes 4 | . . . 3 . . 1 Parts Lost 41 | . . 8 14 . 13 6 Power 8 | . . 1 3 . 3 1 Propulsion 12 | . . 2 5 . 4 1 Utility 13 | . . 2 4 . 3 4 Weapon 8 | . . 3 2 . 3 . Highest Loss Streak 13 | . . 4 5 . 13 5 To Critical Strikes . | . . . . . . . Average Backups 8 | 4 7 9 9 9 9 3 Power 1 | . 1 2 1 1 1 . Propulsion 2 | 3 4 3 1 2 2 . Utility 1 | . . . 1 3 3 3 Weapon 2 | . 1 2 3 2 1 . Tool/Special . | . . . . . . . Unused Backups 12 | . . . 4 4 1 3 Power 3 | . . . 2 1 . . Propulsion 3 | . . . 1 1 . 1 Utility 3 | . . . . 1 . 2 Weapon 2 | . . . 1 1 . . Tool/Special 1 | . . . . . 1 . Average Slot Usage (%) 79 | . 99 69 78 92 86 4 Engine 5 | . 14 9 5 . . . Core 2 | . . . 2 7 5 . Treads 2 | . . . 10 . . . Leg 7 | . 28 12 2 3 . 2 Wheel 1 | . . 3 4 . . . Hover 6 | . . . . 19 16 . Device 13 | . 4 7 17 22 18 . Storage 9 | . 22 11 9 7 5 . Processor 5 | . . 7 5 7 8 . Hackware 3 | . . . . 5 12 . Energy Gun 8 | . 25 8 1 7 5 . Energy Cannon 1 | . . 2 3 . . . Ballistic Gun 5 | . 2 7 7 7 5 . Special Melee Weapon 1 | . . . . 2 4 . Peak Build Rating 54 | 6 7 13 28 45 54 13 Average Rating 22 | 5 6 8 17 41 45 6 On Entrance 13 | . 6 7 13 26 45 . Avg Prop Armor Cover (%) . | . . . . . . . Naked Turns 78 | . . . . . 16 62 Heaviest Build 35 | 11 21 22 29 31 35 13 Greatest Support 60 | 20 20 26 60 40 27 20 Greatest Overweight (x) 9 | 1 1 5 7 2 9 4 Average Overweight (x) . | . . . . . . . Largest Inventory Capacity 10 | 8 10 10 10 10 10 5 Average Capacity 9 | 7 9 10 10 10 9 5 Most Carried 10 | 6 9 10 10 10 10 4 Average Carried 8 | 5 7 9 9 9 9 3 Final Capacity 10 | 8 10 10 10 10 5 5 Final Carried 10 | 6 9 10 10 10 3 4 Class Distribution -------------------- 72% | Mutant 10% | Hacker-Mutant 9% | Scavenger-Mutant 8% | Hacker-Assassin Dominant Class ---------------- Mutant | -10/Materials Mutant | -9/Materials Mutant | -8/Materials Mutant | -7/Factory Hacker-Mutant | -6/Factory Mutant | -5/Factory Resources | -11 -10 -9 -8 -7 -6 -5 ----------- Run | Yrd Mat Mat Mat Fac Fac Fac Matter Collected 961 | 260 20 94 453 134 . . Remotely . | . . . . . . . Salvage Created 1294 | 71 104 334 785 . . . Parts 76 | 1 6 21 48 . . . Haulers Intercepted . | . . . . . . . Recyclers Shooed 1 | . . . 1 . . . Parts Field Recycled . | . . . . . . . Retrieved Matter . | . . . . . . . Parts Self-Destructed . | . . . . . . . Prevented . | . . . . . . . Parts Restored . | . . . . . . . Kills | -11 -10 -9 -8 -7 -6 -5 ------- Run | Yrd Mat Mat Mat Fac Fac Fac Combat Hostiles Destroyed 31 | . 2 9 20 . . . Melee 3 | . . . 3 . . . Guns 21 | . 2 5 14 . . . Cannons 6 | . . 3 3 . . . AOE 1 | . . 1 . . . . Classes Destroyed 7 | 1 1 3 2 . . . Worker 2 | . . 1 1 . . . Recycler 1 | 1 . . . . . . Operator 1 | . . . 1 . . . Watcher 1 | . . . 1 . . . Swarmer 12 | . . 4 8 . . . Grunt 13 | . 2 3 8 . . . Sentry 6 | . . 2 4 . . . Best Kill Streak 6 | 1 2 5 6 . . . Combat Bots Only 6 | . 2 5 6 . . . Max Kills in Single Turn 1 | 1 1 1 1 . . . Gunslinging . | . . . . . . . Exploded 1 | . . 1 . . . . Melee 1 | . . . 1 . . . Uniques/NPCs Destroyed . | . . . . . . . Combat | -11 -10 -9 -8 -7 -6 -5 -------- Run | Yrd Mat Mat Mat Fac Fac Fac Hostile Shots Fired 733 | . 20 144 217 5 149 198 Missed 257 | . 11 54 59 1 48 84 Hits 476 | . 9 90 158 4 101 114 Melee 15 | . . . . . 14 1 Projectile 461 | . 9 90 158 4 87 113 AOE 3 | . . . . . 3 . Critical Strikes 23 | . . 2 6 . 13 2 Part Disruptions 2 | . . . 1 . 1 . Damage Taken 6817 | . 99 1029 2009 56 1613 2011 Core 2536 | . 43 366 394 . 726 1007 Absorbed by Shields 31 | . . . . . 31 . Ignored by Resistances 6 | . . . 6 . . . Core Remaining (%) 55 | 100 82 8 28 100 14 . Volleys Fired 132 | 7 8 28 81 1 7 . Largest 2 | 2 2 2 2 1 2 . Hottest 119 | 80 80 60 119 69 94 . Shots Fired 195 | 14 16 44 107 1 13 . Gun 178 | 14 16 39 95 1 13 . Cannon 17 | . . 5 12 . . . Launcher . | . . . . . . . Special . | . . . . . . . Kinetic 117 | . 1 23 87 . 6 . Thermal 34 | 7 8 3 8 1 7 . Explosive . | . . . . . . . Electromagnetic 44 | 7 7 18 12 . . . Robot Hit Streak 12 | 6 7 12 8 . 6 . Robot Miss Streak 7 | 1 2 4 7 . 1 . Penetration Max . | . . . . . . . Secondary Targets 1 | . . 1 . . . . Max Gunslinging Chain 1 | . . 1 . . . . Shots Hit Robots 143 | 10 9 33 81 . 10 . Core Hits 71 | 2 6 20 42 . . 1 Critical Kills . | . . . . . . . Critical Parts Destroyed 1 | . . . 1 . . . Critical Strikes 2 | . . . 2 . . . Destroy 1 | . . . 1 . . . Sever 1 | . . . 1 . . . Melee Attacks 11 | . . . 11 . . . Impact . | . . . . . . . Slashing 11 | . . . 11 . . . Piercing . | . . . . . . . Sneak Attacks 1 | . . . 1 . . . Combat Hostiles . | . . . . . . . Follow-up Attacks . | . . . . . . . Damage Inflicted 2625 | 133 128 555 1565 1 216 27 Guns 1623 | 133 117 279 878 . 216 . Cannons 371 | . . 92 279 . . . Explosions 227 | . . 170 57 . . . Melee 339 | . . . 339 . . . Ramming 65 | . 11 14 12 1 . 27 Kinetic 1110 | . . 143 846 . 121 . Thermal 483 | 66 52 181 89 . 95 . Explosive . | . . . . . . . Electromagnetic 628 | 67 65 217 279 . . . Impact . | . . . . . . . Slashing 339 | . . . 339 . . . Piercing . | . . . . . . . Highest Corruption 4 | . . . . . 4 1 Average Corruption 2 | . . . . . 3 1 Corruption Purged . | . . . . . . . Corruption Blocked . | . . . . . . . Effects 2 | . . . . . 2 . Matter Fused 1 | . . . . . 1 . Heat Flow Errors 1 | . . . . . 1 . Overload Shots . | . . . . . . . Overflow Damage 57 | . . 49 8 . . . Projectiles 8 | . . . 8 . . . Explosions 49 | . . 49 . . . . Melee . | . . . . . . . Knockbacks 1 | . . 1 . . . . Impact 1 | . . 1 . . . . Kinetic . | . . . . . . . Secondary . | . . . . . . . Self-Inflicted Damage 133 | . . 89 35 . . 9 Shots 3 | . . 2 1 . . . Rammed 8 | . . . 3 1 . 4 Targets Rammed 15 | . 2 4 3 1 . 5 Kicked 7 | . 2 4 . . . 1 Crushed . | . . . . . . . Highest Temperature 260 | 72 150 47 260 . 132 32 Average Temperature 35 | 30 76 15 31 . 75 15 Received Heat Transfer 1605 | . 54 333 612 36 . 570 Siege Activations . | . . . . . . . Martial Activations . | . . . . . . . Shielding Activations . | . . . . . . . Robots Disrupted . | . . . . . . . Combat Hostiles . | . . . . . . . Robots Corrupted . | . . . . . . . Combat Hostiles . | . . . . . . . Parts Fried 3 | 2 . 1 . . . . Impact Corruptions . | . . . . . . . Robots Melted . | . . . . . . . Combat Hostiles . | . . . . . . . Parts Melted . | . . . . . . . Heat Transferred 872 | 150 125 275 174 . 148 . Parts Sabotaged . | . . . . . . . Parts Stolen . | . . . . . . . Parts Stripped . | . . . . . . . Power Chain Reactions 3 | . . 2 1 . . . Alert | -11 -10 -9 -8 -7 -6 -5 ------- Run | Yrd Mat Mat Mat Fac Fac Fac Maximum Alert Level 1 | . . . 1 . . 1 Low Security (%) 91 | 100 100 100 65 100 100 99 Level 1 8 | . . . 34 . . . Level 2 . | . . . . . . . Level 3 . | . . . . . . . Level 4 . | . . . . . . . Level 5 . | . . . . . . . High Security . | . . . . . . . Max Security . | . . . . . . . Peak Influence 291 | 5 50 132 291 125 15 200 Initial 125 | . . 3 24 125 . 2 Average 56 | . 5 78 117 63 . 74 Influence Increases 1498 | 5 81 341 681 90 30 270 Destroy 0b10 Robot/C 620 | . 40 180 400 . . . Destroy 0b10 Robot/NC 25 | 5 . 5 15 . . . Destroy Leader 142 | . 10 40 92 . . . Successful Hack 36 | . 31 . 5 . . . Disable Machine 45 | . . 15 15 15 . . Destroy Structure 15 | . . 11 4 . . . Partial Spotted 15 | . . . 15 . . . Lose Combat Pursuer 600 | . . 90 135 75 30 270 Influence Decreases 1298 | 5 71 292 464 366 23 77 Entered New Map 198 | . . 7 35 151 . 5 Time Decay 870 | 5 71 205 299 215 13 62 Lost Part 230 | . . 80 130 . 10 10 Squads Dispatched 11 | . 1 1 1 3 2 3 Investigation 2 | . 1 . . . . 1 Extermination 3 | . . . . 1 1 1 Reinforcement 6 | . . 1 1 2 1 1 Assault . | . . . . . . . Garrison . | . . . . . . . Intercept . | . . . . . . . Searches Triggered . | . . . . . . . Construction Impeded 1 | . . . . . . 1 Haulers Reinforced . | . . . . . . . Active Scanning Responses . | . . . . . . . Cargo Convoy Interrupts . | . . . . . . . Stealth | -11 -10 -9 -8 -7 -6 -5 --------- Run | Yrd Mat Mat Mat Fac Fac Fac Distress Signals 6 | . . 3 . 1 . 2 Communications Jammed . | . . . . . . . Distress Signals . | . . . . . . . Times Spotted 112 | . 9 19 45 7 8 24 Peak Tracking Total 12 | . 3 8 7 6 6 12 Tactical Retreats 25 | . . 5 9 3 2 6 ECM-based Alert Blocks 8 | . . . 6 2 . . Traps | -11 -10 -9 -8 -7 -6 -5 ------- Run | Yrd Mat Mat Mat Fac Fac Fac Traps Triggered 7 | . 1 . 2 . 1 3 Indirectly . | . . . . . . . Trap Hack Attempts . | . . . . . . . Triggered . | . . . . . . . Disarmed . | . . . . . . . Reprogrammed . | . . . . . . . Reused . | . . . . . . . Traps Extracted . | . . . . . . . Installed . | . . . . . . . Triggered . | . . . . . . . Machines | -11 -10 -9 -8 -7 -6 -5 ---------- Run | Yrd Mat Mat Mat Fac Fac Fac Machines Disabled 3 | . . 1 1 1 . . Max in Single Turn 1 | . . 1 1 1 . . Garrison Access 1 | . . . 1 . . . Machines Repaired . | . . . . . . . Machines Dismantled . | . . . . . . . Machines Sabotaged . | . . . . . . . Overloaded Fab Kills . | . . . . . . . Hacking | -11 -10 -9 -8 -7 -6 -5 --------- Run | Yrd Mat Mat Mat Fac Fac Fac Machines Accessed 10 | . 5 . 5 . . . Terminals 9 | . 5 . 4 . . . Fabricators . | . . . . . . . Repair Stations . | . . . . . . . Recycling Units . | . . . . . . . Scanalyzers . | . . . . . . . Garrison Access 1 | . . . 1 . . . Total Hacks 26 | . 14 . 12 . . . Successful 9 | . 6 . 3 . . . Failed 17 | . 8 . 9 . . . Catastrophic 7 | . 2 . 5 . . . Database Lockouts . | . . . . . . . Manual 14 | . 11 . 3 . . . Terminals 25 | . 14 . 11 . . . Fabricators . | . . . . . . . Repair Stations . | . . . . . . . Recycling Units . | . . . . . . . Scanalyzers . | . . . . . . . Garrison Access 1 | . . . 1 . . . Terminal Hacks 8 | . 6 . 2 . . . Level Access Points 1 | . 1 . . . . . Branch Access Points 1 | . 1 . . . . . Locate Traps 1 | . 1 . . . . . Dispatch Records 1 | . . . 1 . . . Patrol Status 1 | . 1 . . . . . Zone Layout 3 | . 2 . 1 . . . Fabricator Hacks . | . . . . . . . Repair Station Hacks . | . . . . . . . Recycling Unit Hacks . | . . . . . . . Scanalyzer . | . . . . . . . Garrison Access Hacks 1 | . . . 1 . . . Seal Access 1 | . . . 1 . . . Unauthorized Hacks . | . . . . . . . Terminals . | . . . . . . . Fabricators . | . . . . . . . Repair Stations . | . . . . . . . Recycling Units . | . . . . . . . Scanalyzers . | . . . . . . . Garrison Access . | . . . . . . . Data Cores Recovered 1 | . . . 1 . . . Used . | . . . . . . . Hacking Detections 9 | . 5 . 4 . . . Full Trace Events . | . . . . . . . Feedback Events . | . . . . . . . Feedback Blocked . | . . . . . . . Robot Schematics Acquired . | . . . . . . . Robots Built . | . . . . . . . Authchips . | . . . . . . . Time . | . . . . . . . Total Robot Build Rating . | . . . . . . . Part Schematics Acquired . | . . . . . . . Parts Built . | . . . . . . . Authchips . | . . . . . . . Time . | . . . . . . . Total Part Build Rating . | . . . . . . . Part Studies Acquired . | . . . . . . . Parts Repaired . | . . . . . . . Time . | . . . . . . . Parts Recycled . | . . . . . . . Recycled Matter . | . . . . . . . Retrieved Matter . | . . . . . . . Retrieved Components . | . . . . . . . Parts Scanalyzed . | . . . . . . . Part Schematics Acquired . | . . . . . . . Parts Damaged . | . . . . . . . Bothacking | -11 -10 -9 -8 -7 -6 -5 ------------ Run | Yrd Mat Mat Mat Fac Fac Fac Used RIF Installer . | . . . . . . . Robots Hacked . | . . . . . . . Non-combat . | . . . . . . . Combat . | . . . . . . . Robot Hacks Applied . | . . . . . . . Relay Couplers Released . | . . . . . . . Fabnet Peak Effective % . | . . . . . . . Robots Rewired . | . . . . . . . Allies Hacked . | . . . . . . . Hacks Repelled . | . . . . . . . Allies | -11 -10 -9 -8 -7 -6 -5 -------- Run | Yrd Mat Mat Mat Fac Fac Fac Total Allies . | . . . . . . . Largest Group . | . . . . . . . Highest-Rated Group . | . . . . . . . Highest-Rated Ally . | . . . . . . . Total Orders . | . . . . . . . Ally Attacks . | . . . . . . . Total Damage . | . . . . . . . Kills . | . . . . . . . Allies Corrupted . | . . . . . . . Allies Melted . | . . . . . . . Intel | -11 -10 -9 -8 -7 -6 -5 ------- Run | Yrd Mat Mat Mat Fac Fac Fac Active Infowar (turns) 1504 | . . 11 426 503 564 . Optics 266 | . . . . . 266 . Sensors 1104 | . . . 37 503 564 . ECM 414 | . . 11 389 14 . . Robot Analysis Total . | . . . . . . . Derelict Logs Recovered . | . . . . . . . Drone Launches . | . . . . . . . Drone Recoveries . | . . . . . . . Exploration | -11 -10 -9 -8 -7 -6 -5 ------------- Run | Yrd Mat Mat Mat Fac Fac Fac Turns Passed 3399 | 114 544 462 885 503 684 207 Spaces Moved 2315 | 66 299 239 485 456 548 222 Core 202 | 5 . 24 2 . 42 129 Treads 128 | . . . 128 . . . Legs 702 | 61 299 154 55 40 . 93 Wheels 295 | . . 61 231 . 3 . Hover 878 | . . . . 416 462 . Flight 110 | . . . 69 . 41 . Fastest Speed 40 | 50 120 90 90 52 40 50 Average Speed 118 | 120 156 137 123 104 106 86 Slowest Speed 500 | 190 190 300 440 180 500 250 Overloaded Moves . | . . . . . . . Propulsion Burnouts . | . . . . . . . Robots Hopped 1 | . . . . . 1 . Potential Cave-ins . | . . . . . . . Cave-ins Triggered . | . . . . . . . Exploration Rate (%) 23 | 4 46 30 44 16 12 9 Regions Visited 6 Branch Regions . Pre-discovered Areas . | . . . . . . . Known Exits Taken 3 | . 1 . 1 1 . . Unknown Exits Taken 3 | 1 . 1 . . 1 . Scrap Searched . | . . . . . . . Spaces Dug . | . . . . . . . Terrain Destroyed 13 | . . 10 3 . . . Melee . | . . . . . . . Projectile . | . . . . . . . AOE 13 | . . 10 3 . . . Terrain Rammed . | . . . . . . . Walls Destroyed . | . . . . . . . Machines Disabled . | . . . . . . . Actions | -11 -10 -9 -8 -7 -6 -5 --------- Run | Yrd Mat Mat Mat Fac Fac Fac Total 2767 | 84 357 326 652 481 633 234 Wait 140 | . 40 38 12 . 50 . Move 2308 | 65 299 238 484 455 545 222 Hop 1 | . . . . . 1 . Pick Up 36 | 6 4 6 12 4 3 1 Fast Attach 46 | 6 2 5 14 8 5 6 Attach 21 | . . 4 11 1 5 . Detach 4 | . . . 3 1 . . Swap 11 | . 1 2 7 1 . . Drop 32 | . 2 1 14 9 6 . Fire 132 | 7 8 28 81 1 7 . Melee 11 | . . . 11 . . . Ram 8 | . . . 3 1 . 4 Kick 6 | . 1 4 . . . 1 Crush . | . . . . . . . Escape Stasis 11 | . . . . . 11 . Rewire . | . . . . . . . Trap . | . . . . . . . Miscellaneous . | . . . . . . . Route ------- -11/Scrapyard -10/Materials (discovered 5 exits: *Mat x3 / *Min x2) -9/Materials -8/Materials -7/Factory -6/Factory -5/Factory History --------- Turn | Location | Event 29 | -11/Scrapyard | Discovered new exit (range 16) 115 | -11/Scrapyard | Entered Materials 289 | -10/Materials | Discovered new exit (range 8) 313 | -10/Materials | Build established: Mutant 632 | -10/Materials | Identified exit to Mines 638 | -10/Materials | Identified exit to Materials 659 | -10/Materials | Entered another Materials area 659 | -9/Materials | Evolved 2 slots: Propulsion x1, Utility x1 875 | -9/Materials | Lost 3 parts (1n1u1w) 992 | -9/Materials | Core integrity fell below 50% 1010 | -9/Materials | Core integrity fell below 20% 1017 | -9/Materials | Lost 4 parts (1p1n2w) 1091 | -9/Materials | Discovered new exit (range 16) 1121 | -9/Materials | Entered another Materials area 1121 | -8/Materials | Evolved 2 slots: Utility x2 1729 | -8/Materials | Core integrity fell below 50% 1759 | -8/Materials | Lost 4 parts (1p1n2u) 1891 | -8/Materials | Lost 5 parts (2n2u1w) 1987 | -8/Materials | Discovered new exit (range 16) 2003 | -8/Materials | Identified exit to Factory 2006 | -8/Materials | Entered Factory 2006 | -7/Factory | Evolved 2 slots: Utility x1, Weapon x1 2412 | -7/Factory | Discovered new exit (range 15) 2426 | -7/Factory | Identified exit to Factory 2509 | -7/Factory | Entered another Factory area 2509 | -6/Factory | Evolved 2 slots: Utility x2 3173 | -6/Factory | Lost 13 parts (3p4n3u3w) 3176 | -6/Factory | Core integrity fell below 50% 3190 | -6/Factory | Core integrity fell below 20% 3191 | -6/Factory | Discovered new exit (range 5) 3193 | -6/Factory | Entered another Factory area 3193 | -5/Factory | Evolved 2 slots: Power x1, Utility x1 3307 | -5/Factory | Lost 5 parts (1p4u) 3319 | -5/Factory | Core integrity fell below 50% 3385 | -5/Factory | Core integrity fell below 20% 3400 | -5/Factory | Destroyed by S-27 Virus with Autogun Last Messages --------------- (Burn). 03318_ U-05 Engineer builds a Door. 03340_ M-28 Smith fits Backup Power III on K-01 Serf. 03371_ Kicked R-10 Processor out of the way. 03373_ ALERT: Potential suspicious activity detected, Programmers report to Factory Zone 9W. 03385_ Enh. Armored Leg destroyed. 03387_ Triggered Tesla Bomb Trap. 03387_ A bubble of electromagnetic force engulfs the area. 03388_ U-05 Engineer lays Concrete. 03392_ Slammed into U-05 Engineer. 03392_ U-05 Engineer lays Concrete. 03392_ ALERT: Construction progress impeded, dispatching reinforcements to local area. 03393_ U-05 Engineer lays Concrete. 03393_ Slammed into U-05 Engineer. 03394_ U-05 Engineer lays Concrete. Map ----- +----------------------------------------------------+ | ?????????????????????????????????????????????????? | | ?????????????????????????????????????????????????? | | ?????????????????????????????????????????????????? | | ?????????????????????????????????????????????????? | | ?????????????????????????????????????????????????? | | ?????????????????????????????????????????????????? | | ?????????????????????????????????????????????????? | | ?????????????????????????????????????????????????? | | ?????????????????????????????????????????????????? | | ?????????????????????????????????????????????????? | | ??????????????????????? ??????????????????????? | | ?????????????????????# ??????????????????????? | | ?????????????????????# ??????????????????????? | | ?????????????????????# #?????????????????????? | | ?????????????????????+ #?????????????????????? | | ?????????????????????# #?????????????????????? | | ?????????????????????# #?????????????????????? | | ?????????????????????# #?????????????????????? | | ?????????????????????# #?????????????????????? | | ?????????????????????# #?????????????????????? | | ?????????????????????# #?????????????????????? | | ???????????? ????### #?????????????????????? | | ???????????? ???# #?????????????????????? | | ??????????? ?# ##+######?????????????? | | ?????????? # u #?????????????? | | ?????????? t/ @ #?????????????? | | ?????????? # """ """ +?????????????? | | ???????????????????# """ """ #?????????????? | | ???????????????????# s""" """ #?????????????? | | ???????????????????#### ss #?????????????? | | ??????????????????????# s #?????????????? | | ??????????????????????# s #?????????????? | | ??????????????????????# #"" ""## #?????????????? | | ??????????????????????# #""F""## #?????????????? | | ??????????????????????# # """ ## #?????????????? | | ??????????????????????#+######## #?????????????? | | ???????????????????????????????# #?????????????? | | ???????????????????????????????# #?????????????? | | ??????????????????????????????## ############### | | ???????????????????????" ""???# | | ???????????????????????? # | | ??????????????????????????"" + | | ??????????????????????????????# ^ | | ??????????????????????????????# | | ??????????????????????????????####+#############/# | | ??????????????????????????????????????????????? | | ??????????????????????????????????????????????? | | ?????????????????????????????????????????????? | | ?????????????????????????????????????????????? [ | | ?????????????????????????????????????????????" | +----------------------------------------------------+ Best States ------------- Heat Dissipation 64 Energy Generation 18 Energy Capacity 290 Matter Stores 300 Matter Capacity 300 Sight Range 22 Robot Scan Range 15 Terrain Scan Density 10 ECM Strength 2 Armor Coverage 600 Resistance: TH 10 Resistance: EM 15 Evasion (%) 62 Targeting Accuracy 6 Recoil Reduction 3 Offensive Hacking 20 Item Schematics ----------------- None Robot Schematics ------------------ None Fabricated ------------ Nothing Repaired ---------- Nothing Studied --------- None Alien Tech Used ----------------- None Achievements -------------- Universal Adapter Challenges ------------ None Game ------ Seed BehemothEnhancedChargecaster Manual? 0 Play Time 00:36:52 Cumulative 29.6 hours Start 2026.08.31 @ 10:37:44 End 2026.08.31 @ 11:28:01 Sessions 1 Manual Loads 0 Difficulty Rogue Special Mode None Game No. 45 Rogue 40 Adventurer 1 Explorer 4 Win Type - Total 0 Types 0/0/0/0/0/0/0/0/0/0 Lore% 10 Gallery% 21 Achievement% 19 Wizard Run 0 Options --------- Layout 1 ASCII 0 Keyboard 0 Movement Arrows Keybinds 0 Fullscreen 1 Font 24/Smallcaps Map View 50x35 Zoom Use 0% Tactical HUD 1 Map Filters NONE Filters NONE Steam 1 RUN: 9b355021-06ae-4a1d-8afc-9bf1bebb587b